SR
GERMANTOWN URUGUAYANS @ PHOENIX HOTSPUR ACADEMY
09/02/2034
 
TOP OF THE 1ST
Germantown Uruguayans batting - Pitching for Phoenix Hotspur Academy : RHP Jeff Cook
Pitching: RHP Jeff Cook
Batting: RHB Jurgen Flurgenburgen 0-0: Ground out 6-3 (Groundball, 56)
Batting: LHB Rafael Barrueco 0-0: Foul Ball, location: 2F
0-1: Foul Ball, location: 2F
0-2: SINGLE (Groundball, 4D)
Batting: RHB Meester Gobbles-Rooster 0-0: Called Strike
0-1: Foul Ball, location: 2F
0-2: Foul Ball, location: 2F
0-2: Ball
1-2: DOUBLE (Line Drive, 7LM)
Rafael Barrueco to third
Batting: LHB Felipe Dávila 0-0: Ball
1-0: Called Strike
1-1: Foul Ball, location: 2F
1-2: Ball
2-2: Ball
3-2: Ground out 6-3 (Groundball, 6)
Rafael Barrueco scores
Batting: LHB Masamune Ueda 0-0: Fly out, F8 (Flyball, 8LM)
Top of the 1st over - 1 run, 2 hits, 0 errors, 1 left on base; Germantown 1 - Phoenix 0
BOTTOM OF THE 1ST
Phoenix Hotspur Academy batting - Pitching for Germantown Uruguayans : LHP Jesse Duncan
Pitching: LHP Jesse Duncan
Batting: RHB Brad Lamb 0-0: Foul Ball, location: 2F
0-1: Ground out 6-3 (Groundball, 6)
Batting: RHB Frank Ray 0-0: SINGLE (Groundball, 6D)
Batting: RHB Paco González 0-0: DOUBLE (Groundball, 5L)
Frank Ray to third
Runner from 3rd tries for Home, SAFE, no throw
Batting: RHB Jesse McCoy 0-0: Ball
1-0: Called Strike
1-1: Ball
2-1: Ball
3-1: Swinging Strike
3-2: Fly out, F6 (Popup, 6M)
Batting: RHB Nathan Pruitt 0-0: Ball
1-0: Foul Ball, location: 2F
1-1: Ball
2-1: Swinging Strike
2-2: Foul Ball, location: 2F
2-2: Fly out, F4 (Popup, 13)
Bottom of the 1st over - 1 run, 2 hits, 0 errors, 1 left on base; Germantown 1 - Phoenix 1
TOP OF THE 2ND
Germantown Uruguayans batting - Pitching for Phoenix Hotspur Academy : RHP Jeff Cook
Batting: RHB Sasha Orlovsky 0-0: Called Strike
0-1: Ball
1-1: Bunted foul
1-2: SINGLE (Groundball, 6MD)
Batting: RHB Adam Wiltern 0-0: Called Strike
0-1: Ball
1-1: Foul Ball, location: 2F
1-2: Strikes out swinging
Batting: SHB Obke Preesman 0-0: Ball
1-0: Grounds into double play, 3-6-3 (Groundball, 3)
Top of the 2nd over - 0 runs, 1 hit, 0 errors, 0 left on base; Germantown 1 - Phoenix 1
BOTTOM OF THE 2ND
Phoenix Hotspur Academy batting - Pitching for Germantown Uruguayans : LHP Jesse Duncan
Batting: LHB Pancho Coloma 0-0: Foul Ball, location: 2F
0-1: Foul Ball, location: 2F
0-2: Ground out 4-3 (Groundball, 4M)
Batting: RHB Hal Larson 0-0: Ball
1-0: Ball
2-0: Called Strike
2-1: Fly out, F9 (Flyball, 9LSF)
Batting: LHB Daniel Joseph 0-0: Ball
1-0: Ball
2-0: Swinging Strike
2-1: Called Strike
2-2: Strikes out looking
Bottom of the 2nd over - 0 runs, 0 hits, 0 errors, 0 left on base; Germantown 1 - Phoenix 1
TOP OF THE 3RD
Germantown Uruguayans batting - Pitching for Phoenix Hotspur Academy : RHP Jeff Cook
Batting: SHB Aleksandr Lelyuk 0-0: Ball
1-0: Foul Ball, location: 2F
1-1: Swinging Strike
1-2: Ball
2-2: Strikes out looking
Batting: RHB Jurgen Flurgenburgen 0-0: Called Strike
0-1: Ball
1-1: Called Strike
1-2: Ball
2-2: Ball
3-2: Strikes out swinging
Batting: LHB Rafael Barrueco 0-0: Ground out 3-1 (Groundball, 34S)
Top of the 3rd over - 0 runs, 0 hits, 0 errors, 0 left on base; Germantown 1 - Phoenix 1
BOTTOM OF THE 3RD
Phoenix Hotspur Academy batting - Pitching for Germantown Uruguayans : LHP Jesse Duncan
Batting: RHB Felipe Hernández 0-0: Fly out, F9 (Flyball, 9S)
Batting: RHB Brad Lamb 0-0: Called Strike
0-1: Ball
1-1: Foul Ball, location: 2F
1-2: Foul Ball, location: 2F
1-2: Ground out U3 (Groundball, 34)
Batting: RHB Frank Ray 0-0: Called Strike
0-1: Ground out 6-3 (Groundball, 6)
Bottom of the 3rd over - 0 runs, 0 hits, 0 errors, 0 left on base; Germantown 1 - Phoenix 1
TOP OF THE 4TH
Germantown Uruguayans batting - Pitching for Phoenix Hotspur Academy : RHP Jeff Cook
Batting: RHB Meester Gobbles-Rooster 0-0: Ball
1-0: Ball
2-0: SINGLE (Groundball, 6D)
Batting: LHB Felipe Dávila 0-0: Called Strike
0-1: Ball
1-1: Ball
2-1: Swinging Strike
2-2: Foul Ball, location: 2F
2-2: Ball
3-2: Grounds into double play, 4-6-3 (Groundball, 4D)
Batting: LHB Masamune Ueda 0-0: Ball
1-0: Ball
2-0: Called Strike
2-1: Ground out 4-3 (Groundball, 4)
Top of the 4th over - 0 runs, 1 hit, 0 errors, 0 left on base; Germantown 1 - Phoenix 1
BOTTOM OF THE 4TH
Phoenix Hotspur Academy batting - Pitching for Germantown Uruguayans : LHP Jesse Duncan
Batting: RHB Paco González 0-0: Foul Ball, location: 2F
0-1: Foul Ball, location: 2F
0-2: Ball
1-2: Reached on error, E5 (Groundball, 5)
Batting: RHB Jesse McCoy 0-0: Called Strike
0-1: Ball
1-1: Ball
2-1: Ball
3-1: Foul Ball, location: 2F
3-2: Strikes out swinging
Batting: RHB Nathan Pruitt 0-0: Ball
1-0: Ball
2-0: Foul Ball, location: 2F
2-1: Ball
3-1: Fly out, F8 (Flyball, 78D)
Batting: LHB Pancho Coloma 0-0: Foul Ball, location: 2F
0-1: Fly out, F9 (Flyball, 89S)
Bottom of the 4th over - 0 runs, 0 hits, 1 error, 1 left on base; Germantown 1 - Phoenix 1
TOP OF THE 5TH
Germantown Uruguayans batting - Pitching for Phoenix Hotspur Academy : RHP Jeff Cook
Batting: RHB Sasha Orlovsky 0-0: Ball
1-0: Called Strike
1-1: Ball
2-1: Foul Ball, location: 2F
2-2: Strikes out looking
Batting: RHB Adam Wiltern 0-0: Ball
1-0: Ball
2-0: Swinging Strike
2-1: DOUBLE (Flyball, 8RD)
Batting: SHB Obke Preesman 0-0: SINGLE (Groundball, 3) (infield hit)
Adam Wiltern to third
Batting: SHB Aleksandr Lelyuk 0-0: Foul Ball, location: 2F
0-1: Ball
1-1: Swinging Strike
1-2: Foul Ball, location: 2F
1-2: Strikes out looking
Batting: RHB Jurgen Flurgenburgen 0-0: Ball
1-0: Ball
2-0: Foul Ball, location: 2F
2-1: Ball
3-1: Fly out, F8 (Flyball, 8RD)
Top of the 5th over - 0 runs, 2 hits, 0 errors, 2 left on base; Germantown 1 - Phoenix 1
BOTTOM OF THE 5TH
Phoenix Hotspur Academy batting - Pitching for Germantown Uruguayans : LHP Jesse Duncan
Batting: RHB Hal Larson 0-0: Ball
1-0: Ball
2-0: Called Strike
2-1: Called Strike
2-2: Ground out 4-3 (Groundball, 4)
Batting: LHB Daniel Joseph 0-0: Called Strike
0-1: Ground out 4-3 (Groundball, 4)
Batting: RHB Felipe Hernández 0-0: Ground out 5-3 (Groundball, 5S)
Bottom of the 5th over - 0 runs, 0 hits, 0 errors, 0 left on base; Germantown 1 - Phoenix 1
TOP OF THE 6TH
Germantown Uruguayans batting - Pitching for Phoenix Hotspur Academy : RHP Jeff Cook
Batting: LHB Rafael Barrueco 0-0: Ball
1-0: Ball
2-0: Ball
3-0: Called Strike
3-1: Foul Ball, location: 2F
3-2: Base on Balls
Batting: RHB Meester Gobbles-Rooster 0-0: Foul Ball, location: 2F
0-1: Called Strike
Rafael Barrueco is caught stealing 2nd base
0-2: Ground out 5-3 (Groundball, 56)
Batting: LHB Felipe Dávila 0-0: Foul Ball, location: 2F
0-1: SOLO HOME RUN (Line Drive, 9D) (Inside the Park)
Batting: LHB Masamune Ueda 0-0: Called Strike
0-1: Ball
1-1: Ball
2-1: Foul Ball, location: 2F
2-2: Strikes out looking
Top of the 6th over - 1 run, 1 hit, 0 errors, 0 left on base; Germantown 2 - Phoenix 1
BOTTOM OF THE 6TH
Phoenix Hotspur Academy batting - Pitching for Germantown Uruguayans : LHP Jesse Duncan
Batting: RHB Brad Lamb 0-0: Ball
1-0: Ball
2-0: Ground out 5-3 (Groundball, 56)
Batting: RHB Frank Ray 0-0: Ball
1-0: Foul Ball, location: 2F
1-1: Ball
2-1: Called Strike
2-2: SINGLE (Flyball, 78M)
Batting: RHB Paco González Balk!
Frank Ray to second
0-0: Foul Ball, location: 2F
0-1: Called Strike
0-2: Ground out 5-3 (Groundball, 56)
Batting: RHB Jesse McCoy 0-0: SINGLE (Groundball, 6D)
Frank Ray to third
Runner from 3rd tries for Home, SAFE, no throw
Pitching: RHP Dong-hua Hao
Batting: RHB Nathan Pruitt 0-0: Called Strike
0-1: Called Strike
0-2: Foul Ball, location: 2F
0-2: Ball
1-2: Strikes out swinging
Bottom of the 6th over - 1 run, 2 hits, 0 errors, 1 left on base; Germantown 2 - Phoenix 2
TOP OF THE 7TH
Germantown Uruguayans batting - Pitching for Phoenix Hotspur Academy : RHP Jeff Cook
Batting: RHB Sasha Orlovsky 0-0: Called Strike
0-1: Foul Ball, location: 2F
0-2: Ball
1-2: SINGLE (Line Drive, 6MD)
Batting: RHB Adam Wiltern 0-0: Ball
Sasha Orlovsky is caught stealing 2nd base
1-0: Foul Ball, location: 2F
1-1: Ball
2-1: Foul Ball, location: 2F
2-2: Ball
3-2: Foul Ball, location: 2F
3-2: Strikes out swinging
Pinch Hitting: RHB Mike Marshall 0-0: Called Strike
0-1: Ground out U3 (Groundball, 3S)
Top of the 7th over - 0 runs, 1 hit, 0 errors, 0 left on base; Germantown 2 - Phoenix 2
BOTTOM OF THE 7TH
Phoenix Hotspur Academy batting - Pitching for Germantown Uruguayans : RHP Dong-hua Hao
Now in RF: Manuel Vallejo
Batting: LHB Pancho Coloma 0-0: Foul Ball, location: 2F
0-1: Swinging Strike
0-2: Strikes out swinging
Batting: RHB Hal Larson 0-0: Foul Ball, location: 2F
0-1: Swinging Strike
0-2: Ball
1-2: Foul Ball, location: 2F
1-2: Ball
2-2: Ground out 5-3 (Groundball, 56S)
Batting: LHB Daniel Joseph 0-0: Ball
1-0: Ball
2-0: Foul Ball, location: 2F
2-1: SOLO HOME RUN (Flyball, 9LD), Distance : 338 ft
Batting: RHB Felipe Hernández 0-0: Called Strike
0-1: Ball
1-1: Foul Ball, location: 2F
1-2: Foul Ball, location: 2F
1-2: Strikes out swinging
Bottom of the 7th over - 1 run, 1 hit, 0 errors, 0 left on base; Germantown 2 - Phoenix 3
TOP OF THE 8TH
Germantown Uruguayans batting - Pitching for Phoenix Hotspur Academy : RHP Jeff Cook
Now in LF: Ben Tyler
Batting: SHB Aleksandr Lelyuk 0-0: Swinging Strike
0-1: Ball
1-1: Swinging Strike
1-2: Foul Ball, location: 2F
1-2: Ball
2-2: Foul Ball, location: 2F
2-2: Strikes out swinging
Batting: RHB Jurgen Flurgenburgen 0-0: Ball
1-0: Swinging Strike
1-1: Ball
2-1: SINGLE (Line Drive, 7LS)
Pitching: RHP Luis Bruno
Batting: LHB Rafael Barrueco 0-0: Called Strike
0-1: Ball
1-1: Foul Ball, location: 2F
1-2: Foul Ball, location: 2F
1-2: Grounds into double play, 4-6-3 (Groundball, 4)
Top of the 8th over - 0 runs, 1 hit, 0 errors, 0 left on base; Germantown 2 - Phoenix 3
BOTTOM OF THE 8TH
Phoenix Hotspur Academy batting - Pitching for Germantown Uruguayans : RHP Dong-hua Hao
Pitching: LHP François Boyer
Batting: RHB Brad Lamb 0-0: Ball
1-0: Ground out 5-3 (Groundball, 5)
Batting: RHB Frank Ray 0-0: Called Strike
0-1: Ball
1-1: Foul Ball, location: 2F
1-2: Fly out, F9 (Flyball, 9S)
Batting: RHB Paco González 0-0: Ball
1-0: Swinging Strike
1-1: Swinging Strike
1-2: Foul Ball, location: 2F
1-2: Ball
2-2: Ball
3-2: Foul Ball, location: 2F
3-2: Strikes out swinging
Bottom of the 8th over - 0 runs, 0 hits, 0 errors, 0 left on base; Germantown 2 - Phoenix 3
TOP OF THE 9TH
Germantown Uruguayans batting - Pitching for Phoenix Hotspur Academy : RHP Luis Bruno
Now at 3B: Javier Flores
Now in RF: Gabriel Méndez
Batting: RHB Meester Gobbles-Rooster 0-0: Foul Ball, location: 2F
0-1: Foul Ball, location: 2F
0-2: Strikes out swinging
Batting: LHB Felipe Dávila 0-0: Swinging Strike
0-1: Ball
1-1: Ball
2-1: Called Strike
2-2: Ball
3-2: SINGLE (Groundball, 34D)
Batting: LHB Masamune Ueda 0-0: Foul Ball, location: 2F
0-1: Swinging Strike
0-2: Strikes out swinging
Pinch Hitting: RHB José Ortega 0-0: Ball
1-0: Ball
2-0: Ball
3-0: Called Strike
3-1: Base on Balls
Felipe Dávila to second
Batting: RHB Adam Wiltern 0-0: Called Strike
0-1: Ball
1-1: Called Strike
1-2: Ball
2-2: Strikes out looking
Top of the 9th over - 0 runs, 1 hit, 0 errors, 2 left on base; Germantown 2 - Phoenix 3
Friday, March 29th, 2019 - OOTP Baseball 18.8 Build 76